AoeStats
← CHRISTO LE ROI8

Arena

510397847Analyzed
2v2 RM · 1d ago on Sep 30, 2026· 49m 9s· 4 players
Game mode
Random Map
Map size
Medium (4 player)
Population
200
Speed
Normal
Resources
Standard
Victory
Conquest
Starting age
Dark Age
Ending age
Imperial Age
RankedLock teamsTeams togetherTeam positionsShared explorationLock speedFull tech treeHidden civsTurbo modeCheats
Victory
Defeat
🇫🇷 Romans · France
866
+14
🇬🇧 Franks · United Kingdom
841
+15
🇹🇷 Turks · Türkiye
823
-15
🇹🇷 Khmer · Türkiye
818
-14
eazy-e
13:52 Feudal Age
20:00 Castle Age
18:10 Horse Collar
18:17 Double-Bit Axe
19:35 Gold Mining
30:59 Imperial Age
29:11 Stone Mining
31:27 Heavy Plow
31:40 Bow Saw
33:36 Gold Shaft Mining
34:41 Wheelbarrow
35:18 Bloodlines
38:06 Sanctity
40:11 Hand Cart
MaydanozBey
5:22 Loom
11:28 Feudal Age
16:34 Castle Age
16:06 Double-Bit Axe
16:03 Horse Collar
17:43 Gold Mining
17:49 Stone Mining
18:02 Heavy Plow
21:14 Wheelbarrow
24:39 Bow Saw
25:20 Husbandry
25:58 Bloodlines
30:54 Imperial Age
29:26 Forging
30:07 Caravan
32:14 Conscription
33:28 Chemistry
33:05 Iron Casting
32:36 Scale Barding Armor
33:33 Gold Shaft Mining
33:55 Onager
36:39 Heavy Scorpion
39:05 Blast Furnace
39:52 Pikeman
46:14 Halberdier
t.f.blanchard
10:02 Feudal Age
10:28 Double-Bit Axe
12:17 Gold Mining
13:55 Loom
17:24 Castle Age
20:19 Bow Saw
25:48 Fortified Wall
29:13 Gold Shaft Mining
32:03 Imperial Age
30:24 Scale Barding Armor
30:29 Forging
32:39 Chain Barding Armor
32:55 Iron Casting
32:37 Cavalier
34:21 Chemistry
34:05 Plate Barding Armor
33:21 Fletching
34:04 Husbandry
34:17 Paladin
35:54 Elite Skirmisher
40:09 Blast Furnace
39:04 Bodkin Arrow
39:29 Chivalry
40:27 Sanctity
40:48 Scale Mail Armor
40:56 Padded Archer Armor
43:24 Stone Mining
46:23 Wheelbarrow
45:35 Loom
46:12 Leather Archer Armor
45:44 Town Watch
CHRISTO LE ROI8
11:30 Feudal Age
11:57 Horse Collar
12:04 Double-Bit Axe
15:43 Wheelbarrow
18:35 Castle Age
17:27 Stone Mining
17:30 Gold Mining
17:45 Scale Mail Armor
20:24 Heavy Plow
20:40 Bow Saw
21:41 Hand Cart
24:13 Pikeman
24:55 Squires
29:58 Imperial Age
29:05 Husbandry
29:16 Bloodlines
30:57 Gold Shaft Mining
30:36 Forging
31:41 Chemistry
31:32 Conscription
32:11 Crop Rotation
32:21 Siege Engineers
32:54 Iron Casting
33:12 Capped Ram
33:14 Halberdier
33:33 Heavy Scorpion
36:10 Ballistas
36:25 Comitatenses
36:35 Scale Barding Armor
39:59 Siege Ram
40:05 Elite Centurion
43:14 Blast Furnace
42:30 Chain Mail Armor
42:36 Chain Barding Armor
42:15 Murder Holes
41:46 Man-at-Arms
43:53 Ballistics
48:33 Caravan
Connection lost

Rejoining the realm…

Still unreachable

The connection could not be restored.

Session expired

The server has moved on; the page needs a fresh start.